 Dungeon Crawl Stone Soup version 0.31-a0-542-gdc2a67831c (webtiles) character file.

Game seed: 586713807665357783

2573 GordonOverkill the Thaumaturge (level 9, -6/45 HPs)
             Began as a Vine Stalker Delver on Aug 14, 2023.
             Was a Follower of Vehumet.
             Mangled by a troll (8 damage)
             ... on level 7 of the Dungeon.
             The game lasted 00:17:22 (6006 turns).

GordonOverkill the Thaumaturge (VSDe)               Turns: 6006, Time: 00:17:23

Health: -6/45      AC:  5    Str: 14    XL:     9   Next: 57%
Magic:  0/22       EV: 13    Int: 20    God:    Vehumet [*.....]
Gold:   310        SH:  0    Dex: 17    Spells: 21/24 levels left

rFire   . . .        y - +2 flail (venom)
rCold   . . .        (no shield)
rNeg    . . .        b - +0 leather armour
rPois   .            B - +0 helmet
rElec   .            E - +0 cloak
rCorr   .            (no gloves)
SInv    .            (no boots)
Will    +....        (no amulet)
Stlth   +++          I - +6 ring of intelligence
HPRegen 1.07/turn    (no ring)
MPRegen 0.18/turn

%: guardian spirit
@: no status effects
A: fangs 3, regeneration 1, magic shield, antimagic bite, no potion heal 2
a: Renounce Religion


You were on level 7 of the Dungeon.
You worshipped Vehumet.
Vehumet was aware of your devotion.
You visited 2 branches of the dungeon, and saw 8 of its levels.

You collected 453 gold pieces.
You spent 143 gold pieces at shops.

Inventory:

Hand Weapons
 a - a +0 mace
 l - a +0 whip of freezing
 p - a +2 whip of venom
 y - a +2 flail of venom (weapon)
Missiles
 m - 18 poisoned darts
 s - 2 atropa-tipped darts (quivered)
 F - a throwing net
 M - a curare-tipped dart
Armour
 b - a +0 leather armour (worn)
 B - a +0 helmet (worn)
 E - a +0 cloak (worn)
Magical Staves
 j - a staff of earth
 u - a staff of poison
Jewellery
 I - a +6 ring of intelligence (left hand)
Wands
 g - a wand of digging (3)
 k - a wand of roots (11)
 G - a wand of light (1)
Scrolls
 c - a scroll of fog
 d - 2 scrolls of revelation
 n - a scroll of fear
 o - 2 scrolls of enchant armour {unknown}
 q - 6 scrolls of teleportation {unknown}
 r - a scroll of silence {unknown}
 v - a scroll of blinking
 w - a scroll of immolation {unknown}
 x - a scroll of acquirement {unknown}
 H - a scroll of poison {unknown}
 J - a scroll of torment {unknown}
 L - a scroll of amnesia {unknown}
Potions
 e - a potion of lignification {unknown}
 f - 2 potions of haste
 h - 2 potions of resistance
 i - 3 potions of might
 t - a potion of curing
 z - a potion of invisibility {unknown}
 A - a potion of brilliance
 C - a potion of mutation
 D - a potion of berserk rage
 K - a potion of enlightenment {unknown}


   Skills:
 - Level 4.0 Fighting
 - Level 4.0 Maces & Flails
 - Level 2.0 Throwing
 + Level 3.5 Dodging
 - Level 6.0 Stealth
 + Level 8.0 Spellcasting
 - Level 5.0 Hexes
 - Level 4.0 Evocations


You had 21 spell levels left.
You knew the following spells:

 Your Spells              Type           Power      Damage    Failure   Level
a - Tukima's Dance        Hex            28%        N/A       4%          3

Your spell library contained the following spells:

 Spells                   Type           Power      Damage    Failure   Level
 Magic Dart               Conj           32%        1d4       11%         1
 Passage of Golubria      Tloc           8%         N/A       71%         4
 Yara's Violent Unravell  Hex/Tmut       9%         3d6       71%         5


Dungeon Overview and Level Annotations

Branches:
Dungeon (7/15)             Temple (1/1) D:5

Altars:
Cheibriados
Dithmenos
Elyvilon
Fedhas
Gozag
Hepliaklqana
Kikubaaqudgha
Makhleb
Nemelex Xobeh
Okawaru
Qazlal
Ru
Sif Muna
Trog
Uskayaw
Vehumet
Wu Jian
Xom
Zin
The Shining One

Shops:
D:2 ?   D:3 *   D:4 (?[:


Innate Abilities, Weirdness & Mutations

You have razor-sharp teeth.
Your natural rate of healing is unusually fast.
When hurt, damage is shared between your health and your magic reserves.
Your bite disrupts and absorbs the magic of your enemies.
Potions cannot restore your health.


Message History

The troll closely misses you.
Throw: 4 darts (atropa)
Press: ? - help, Q - select action, (/) - cycle Shift-Dir - straight line, f - troll
Aim: a troll (lightly wounded, very poisoned, 60% to hit, chance to blind on hit: 46%)
You throw an atropa-tipped dart.
The atropa-tipped dart closely misses the troll.
The troll bites you! The troll barely misses you. The troll claws you.
Throw: 3 darts (atropa)
Press: ? - help, Q - select action, (/) - cycle Shift-Dir - straight line, f/p - troll
Aim: a troll (lightly wounded, very poisoned, 60% to hit, chance to blind on hit: 46%)
You throw an atropa-tipped dart. The atropa-tipped dart hits the troll.
The troll appears confused.
The troll is lightly wounded.
You barely miss the troll.
The troll is lightly wounded.
The troll seems less confused.
The troll barely misses you. The troll closely misses you.
The troll barely misses you.
You hit the troll.
The troll looks as sick as possible!
You bite the troll. You drain its power.
You feel invigorated.
The troll is moderately wounded.
The troll bites you!
* * * LOW HITPOINT WARNING * * *
The troll barely misses you. The troll claws you.
* * * LOW HITPOINT WARNING * * *
You hit the troll.
The troll looks as sick as possible!
The troll is heavily wounded.
The troll is no longer blind.
The troll bites you.
* * * LOW HITPOINT WARNING * * *
The troll claws you but does no damage. The troll claws you!
* * * LOW HITPOINT WARNING * * *
The troll bites you!
* * * LOW HITPOINT WARNING * * *
The troll claws you!
* * * LOW HITPOINT WARNING * * *
The troll barely misses you.
Unknown command.
Okay, then.
As you read the scroll of fog, it dissolves into smoke.
The troll bites you!
You die...

##..†.###.88.#.........#
#.####..#.88.#.........#
#.# #..'...(#.........#
#.# #########.........#
#.####..).## ##........#
##....####.# #........#
#########.####.###.####
#$?##§§##.#........#
#)(##T@##)#.#.######
###.§##§§##...# #.
#§§###..## ### ####
##..# #..##### #......#
#......+ #.#....#
#.##...#


You could see a troll (extremely poisoned).

Vanquished Creatures
  A two-headed ogre (D:7)
  Duvessa (D:5)
  A water moccasin (D:7)
  An orc warrior (D:7)
  2 ice beasts
  An ogre (D:4)
  2 black bears
  A centaur (D:6)
  A phantom (D:5)
  2 kobold brigands (D:7)
  2 bullfrogs (D:7)
  2 scorpions (D:5)
  Dowan (D:5)
  4 orc priests
  A gnoll bouda (D:7)
  6 hounds
  2 iguanas
  An orc wizard (D:6)
  7 adders
  4 shadow imps
  2 ufetubi
  A worm (D:2)
  2 dart slugs
  18 orcs
  7 endoplasms
  3 giant cockroaches
  9 goblins
  6 hobgoblins
  10 kobolds
  5 quokkas
  8 ball pythons
  5 bats
  3 frilled lizards
  9 rats
131 creatures vanquished.

Vanquished Creatures (collateral kills)
  A wight (D:7)
  2 kobolds (D:7)
3 creatures vanquished.

Vanquished Creatures (others)
  3 dancing weapons (D:7)
3 creatures vanquished.

Grand Total: 137 creatures vanquished

Notes
Turn   | Place    | Note
-------+----------+-------------------------------------------
     0 | D:5      | GordonOverkill the Vine Stalker Delver began the quest for
                  | the Orb.
     0 | D:5      | Reached XP level 1. HP: 11/11 MP: 2/2
     6 | D:5      | Noticed a phantom
    37 | D:5      | Noticed Duvessa
    43 | D:6      | Noticed an orc wizard
    43 | D:6      | Noticed an orc priest
   129 | D:5      | Noticed a black bear
   182 | D:4      | Found a stormy altar of Qazlal.
   204 | D:4      | Noticed an ogre
   361 | D:3      | Noticed an ice beast
   444 | D:3      | Reached XP level 2. HP: 6/16 MP: 1/3
   952 | D:2      | Reached XP level 3. HP: 20/20 MP: 2/4
  1105 | D:1      | Reached skill level 1 in Evocations
  1437 | D:1      | Reached skill level 1 in Throwing
  1458 | D:1      | Gained mutation: Your natural rate of healing is unusually
                  | fast. [Vine Stalker growth]
  1458 | D:1      | Reached XP level 4. HP: 24/24 MP: 5/5
  2239 | D:2      | Found Zayrgh's Magic Scroll Boutique.
  2242 | D:2      | Bought a scroll of blinking for 75 gold pieces
  2242 | D:2      | Bought a scroll of identify for 20 gold pieces
  2242 | D:2      | Bought a scroll of identify for 20 gold pieces
  2547 | D:3      | Found Vevulid's Assorted Antiques.
  2744 | D:3      | Killed an ice beast
  2745 | D:3      | Reached XP level 5. HP: 21/29 MP: 6/6
  2770 | D:3      | Found a faded altar of an unknown god.
  3052 | D:3      | Reached XP level 6. HP: 33/33 MP: 7/7
  3133 | D:4      | Found Fugit's Antique Armour Shoppe.
  3134 | D:4      | Found Bepn's Magic Scroll Shoppe.
  3144 | D:4      | Bought a scroll of identify for 28 gold pieces
  3175 | D:4      | Found Vallui Geon's Antique Weapon Boutique.
  3282 | D:4      | Found Onwar's Book Boutique.
  3330 | D:4      | Reached skill level 1 in Spellcasting
  3330 | D:4      | Reached skill level 1 in Hexes
  3617 | D:5      | Killed a black bear
  3656 | D:5      | Reached XP level 7. HP: 37/37 MP: 10/10
  3719 | D:5      | Found an iron altar of Okawaru.
  3766 | D:5      | Reached skill level 2 in Spellcasting
  3779 | D:5      | Found a staircase to the Ecumenical Temple.
  3911 | Temple   | Entered the Ecumenical Temple
  3916 | Temple   | Became a worshipper of Vehumet
  4216 | D:5      | Noticed Dowan
  4233 | D:5      | Killed Duvessa
  4237 | D:5      | Killed Dowan
  4243 | D:5      | Reached skill level 3 in Spellcasting
  4278 | D:5      | Learned a level 3 spell: Tukima's Dance
  4297 | D:5      | Gained mutation: You have razor-sharp teeth. [Vine Stalker
                  | growth]
  4297 | D:5      | Reached XP level 8. HP: 17/42 MP: 4/13
  4735 | D:6      | Reached skill level 4 in Spellcasting
  4968 | D:6      | Found a glowing golden altar of the Shining One.
  5062 | D:6      | Found an ornate altar of the Wu Jian Council.
  5249 | D:7      | Reached * piety under Vehumet
  5249 | D:7      | Offered knowledge of Magic Dart by Vehumet.
  5376 | D:7      | Reached skill level 5 in Spellcasting
  5376 | D:7      | Reached skill level 5 in Hexes
  5471 | D:7      | Reached skill level 6 in Spellcasting
  5617 | D:7      | Reached XP level 9. HP: 39/45 MP: 14/19
  5618 | D:7      | Noticed a two-headed ogre
  5633 | D:7      | Reached skill level 7 in Spellcasting
  5679 | D:7      | Killed a two-headed ogre
  5846 | D:7      | Noticed a troll
  5971 | D:7      | Reached skill level 8 in Spellcasting
  6005 | D:7      | HP: 1/45 [troll (6)]
  6006 | D:7      | Mangled by a troll

Illustrated notes

Levels and vault maps discovered:
D:1:      dpeg_arrival_pits, layout_basic
D:2:      layout_loops_corners, serial_shops, nicolae_shop_hallway_stairs
D:3:      layout_basic, serial_glass, glass_columns_a, glass_columns_b,
          glass_columns_c, glass_columns_c, dreamdust_ecumenical_altar_grove,
          serial_shops, nicolae_shop_real_fake_doors, minmay_distorted
D:4:      layout_gridville, nicolae_qazlal_scattered_showers, serial_shops,
          nicolae_lakefront_shop, shop, shop, shop
D:5:      layout_loops_ring, mainiacjoe_overflow_surrounded_room,
          minmay_temple_entry_gardened_gates, uniq_duvessa
D:6:      layout_cave_pools, mainiacjoe_overflow_swirl
D:7:      minmay_chambers_of_fours, layout_basic, minmay_starry_boxes,
          uniq_jeremiah
Temple:   compressed_dpeg_triangle_lava_temple

Skill      XL: |  1  2  3  4  5  6  7  8  9 |
---------------+----------------------------+-----
Fighting       | 3 4 |  4.0
Maces & Flails | 2 3 4 |  4.0
Evocations     | 1 2 3 4 |  4.0
Throwing       | 1 2 |  2.0
Spellcasting   | 1 3 6 8 |  8.0
Hexes          | 1 3 5 |  5.0
Dodging        | 3 |  3.5
Stealth        | |  6.0

Action                     |  1- 3 |  4- 6 |  7- 9 || total
---------------------------+-------+-------+-------++-------
  Melee: Mace              |    13 |       |       ||    13
         Bite              |    21 |    18 |    56 ||    95
         Whip              |    77 |    47 |       ||   124
         Flail             |       |    16 |   177 ||   193
         Punch             |       |     1 |     1 ||     2
  Throw: Dart              |       |     4 |     7 ||    11
   Cast: Tukima's Dance    |       |       |     9 ||     9
  Evoke: Wand              |       |     1 |     6 ||     7
    Use: Scroll            |       |     6 |     4 ||    10
   Stab: Sleeping          |    12 |    12 |     5 ||    29
         Invisible         |       |     1 |     3 ||     4
 Armour: Leather armour    |    16 |    13 |    57 ||    86
  Dodge: Dodged            |    38 |    24 |   118 ||   180

Table legend: (Time is in decaauts)
 A = Elapsed time spent in this place.
 B = Non-inter-level travel time spent in this place.
 C = Inter-level travel time spent in this place.
 D = Time resting spent in this place.
 E = Time spent auto-exploring this place.
 F = Levels seen in this place.
 G = Mean time per level.
                   A        B        C        D        E       F      G
               +--------+--------+--------+--------+--------+-----+--------+
         Total |   6050 |   5778 |    272 |   1078 |   2951 |   8 |  756.2 |
       Dungeon |   6039 |   5771 |    268 |   1078 |   2951 |   7 |  862.7 |
        Temple |     10 |      6 |      4 |      0 |      0 |   1 |   10.0 |
               +--------+--------+--------+--------+--------+-----+--------+

Top non-repeatable levels by time:
     D:5: 1061 daAuts
     D:2: 1036 daAuts
     D:1: 904 daAuts
     D:3: 830 daAuts
     D:7: 766 daAuts
     D:6: 753 daAuts
     D:4: 686 daAuts
  Temple: 10 daAuts
